 Dungeon Crawl Stone Soup version 0.30-a0-187-gd9c2deaf24 (webtiles) character file.

Game seed: 13963885635134421896

515 zxpr0jk the Insei (level 7, -2/58 HPs)
             Began as a Vampire Transmuter on Oct 3, 2022.
             Was a Follower of Uskayaw.
             Slain by an orc priest
             ... wielding a +0 flail
              (9 damage)
             ... on level 5 of the Dungeon.
             The game lasted 00:08:58 (3261 turns).

zxpr0jk the Insei (Vampire Transmuter)              Turns: 3261, Time: 00:08:59

Health: -2/58      AC:  7    Str: 11    XL:     7   Next: 0%
Magic:  10/10      EV: 11    Int: 15    God:    Uskayaw [*.....]
Gold:   198        SH:  0    Dex: 17    Spells: 6/10 levels left

rFire   + + .      SeeInvis +    l - +1 demon whip (venom)
rCold   + + .      Faith    +    (no shield)
rNeg    . . .      Spirit   .    d - +1 ring mail {rF+}
rPois   .          Reflect  .    i - +0 helmet
rElec   .          Harm     .    (no cloak)
rCorr   .          Rampage  .    (no gloves)
Will    .....                    (no boots)
Stlth   ++........               a - amulet of faith
HPRegen 0.49/turn                j - ring of protection from cold
MPRegen 0.12/turn                r - ring of protection from fire

@: healing quickly
A: alive, fangs 3, see invisible, vampiric 2, thin skeletal structure 1, cold
resistance 1, robust 1
a: Exsanguinate, Renounce Religion, Stomp


You were on level 5 of the Dungeon.
You worshipped Uskayaw.
Uskayaw was noncommittal.
You visited 1 branch of the dungeon, and saw 5 of its levels.

You collected 198 gold pieces.

Inventory:

Hand Weapons
 e - a +2 whip of electrocution
 l - a +1 demon whip of venom (weapon)
Missiles
 n - a throwing net
Armour
 d - a +1 ring mail of fire resistance (worn)
 i - a +0 helmet (worn)
Jewellery
 a - an amulet of faith (around neck)
 j - a ring of protection from cold (left hand)
 r - a ring of protection from fire (right hand)
Scrolls
 c - a scroll of torment {unknown}
 f - 4 scrolls of noise {unknown}
 g - 5 scrolls of teleportation {unknown}
 h - 8 scrolls of identify {unknown}
 k - a scroll of magic mapping {unknown}
 m - a scroll of fog {unknown}
 o - 2 scrolls of immolation {unknown}
 p - a scroll of enchant weapon {unknown}
 q - a scroll of enchant armour {unknown}
 s - a scroll of amnesia {unknown}
Potions
 b - a potion of lignification


   Skills:
 + Level 3.7 Fighting
 - Level 2.1 Dodging
 * Level 7.4 Unarmed Combat
 - Level 2.0 Spellcasting
 - Level 2.1 Transmutations


You had 6 spell levels left.
You knew the following spells:

 Your Spells              Type           Power      Damage    Failure   Level
a - Beastly Appendage     Tmut           16%        N/A       22%         1
b - Wereblood             Tmut           8%         N/A       32%         2
c - Apportation           Tloc           2%         N/A       47%         1

Your spell library contained the following spells:

 Spells                   Type           Power      Damage    Failure   Level
 Necrotise                Necr           4%         1d4       47%         1
 Summon Small Mammal      Summ           4%         N/A       47%         1
 Spider Form              Tmut/Pois      4%         N/A       71%         3
 Ice Form                 Ice/Tmut       4%         N/A       98%         4
 Borgnjor's Revivificati  Necr           Unusable   N/A       N/A         8
 Necromutation            Tmut/Necr      Unusable   N/A       N/A         8
 Death's Door             Necr           Unusable   N/A       N/A         9

Dungeon Overview and Level Annotations

Branches:
Dungeon (5/15)             Temple (0/1) D:4

Altars:
Ashenzari
Uskayaw

Shops:
D:2 !


Innate Abilities, Weirdness & Mutations

Your natural rate of healing is accelerated.
You have razor-sharp teeth.
You have supernaturally acute eyesight. (SInv)
You are afflicted with vampirism and can become a bat while bloodless.
You have a somewhat thin skeletal structure. (Dex +2, Stealth+)
Your flesh is cold resistant. (rC+)
You are robust. (+10% HP)


Message History

(D) Dungeon (T) Temple
Where to? (Enter - D:4, ? - help)
What level of the Dungeon? (default 1, ? - help)
There is an open door here.
There is a stone staircase leading down here.
You climb downwards.
There is a stone staircase leading up here.
An orc comes into view. It is wielding a +0 falchion.
An orc priest and 3 orcs come into view.
Found a leather armour.
Found a stone staircase leading up.
The orc shouts! x2
The orc shouts!
The orc priest shouts!
The orc completely misses you.
You closely miss the orc.
The orc shouts!
The orc hits you with a +0 flail.
You hit the orc but do no damage.
The orc is poisoned.
The orc hits you with a +0 flail. The orc closely misses you.
You completely miss the orc. The orc hits you with a +0 flail.
The orc hits you with a +0 club. The orc hits you with a +0 falchion.
You whack the orc!
You kill the orc!
The orc hits you but does no damage.
The orc priest calls down the wrath of Beogh upon you.
Beogh smites you! The orc hits you but does no damage.
You have reached level 7!
You hit the orc priest but do no damage.
The orc priest is poisoned.
The orc priest closely misses you. The orc hits you with a +0 flail!
* * * LOW HITPOINT WARNING * * *
The orc hits you with a +0 club.
* * * LOW HITPOINT WARNING * * *
The orc attacks as you move away! The orc hits you but does no damage.
You kill the orc!
The orc priest hits you with a +0 flail.
* * * LOW HITPOINT WARNING * * *
You see here a +0 falchion.
The orc priest attacks as you move away!
The orc priest hits you with a +0 flail!
You die...

...##..##
........#....#
...<....#....#
........#....#
.[......#....#
......)o#....#
........#....#
......oo#....#
...###..@.<..#
# #########


You could see an orc priest (very poisoned) and 2 orcs.

Vanquished Creatures
  Sigmund (D:2)
  An ogre (D:4)
  2 orc priests
  Natasha (D:2)
  An orc wizard (D:4)
  4 gnolls (D:4)
  5 adders
  A worm (D:4)
  A dart slug (D:1)
  11 orcs
  3 endoplasms
  2 giant cockroaches
  4 hobgoblins
  6 jackals
  3 quokkas
  6 ball pythons
  5 bats
  4 frilled lizards
  7 goblins
  4 kobolds
  7 rats
79 creatures vanquished.

Notes
Turn   | Place    | Note
-------+----------+-------------------------------------------
     0 | D:1      | zxpr0jk the Vampire Transmuter began the quest for the Orb.
     0 | D:1      | Reached XP level 1. HP: 14/14 MP: 3/3
   188 | D:1      | Reached skill level 1 in Fighting
   264 | D:1      | Reached XP level 2. HP: 20/21 MP: 5/5
   345 | D:1      | Reached skill level 4 in Unarmed Combat
   798 | D:2      | Learned a level 2 spell: Wereblood
   825 | D:2      | Found a broken altar of Ashenzari.
   842 | D:2      | Found a faded altar of an unknown god.
   900 | D:2      | Prayed at the altar of an unknown god.
   900 | D:2      | Became a worshipper of Uskayaw the Reveller
   900 | D:2      | Reached * piety under Uskayaw
   966 | D:2      | Reached ** piety under Uskayaw
   996 | D:2      | Noticed Sigmund
  1008 | D:2      | Gained mutation: You can roll at nearby foes to attack.
                  | [potion of mutation]
  1009 | D:2      | HP: 1/21 [poisoned by an adder]
  1013 | D:2      | Gained mutation: You are afflicted with vampirism and can
                  | become a bat while bloodless. [Vampire growth]
  1013 | D:2      | Reached XP level 3. HP: 15/27 MP: 6/6
  1015 | D:2      | Killed Sigmund
  1016 | D:2      | Reached skill level 5 in Unarmed Combat
  1016 | D:2      | Reached XP level 4. HP: 11/34 MP: 7/7
  1016 | D:2      | Reached XP level 5. HP: 13/39 MP: 8/8
  1017 | D:2      | Reached *** piety under Uskayaw
  1083 | D:2      | Lost mutation: You can roll at nearby foes to attack.
                  | [potion of mutation]
  1083 | D:2      | Gained mutation: You have a somewhat thin skeletal
                  | structure. (Dex +2, Stealth+) [potion of mutation]
  1083 | D:2      | Gained mutation: Your flesh is cold resistant. (rC+)
                  | [potion of mutation]
  1083 | D:2      | Gained mutation: You are robust. (+10% HP) [potion of
                  | mutation]
  1233 | D:2      | Noticed Natasha
  1252 | D:2      | Killed Natasha
  1253 | D:2      | Reached skill level 6 in Unarmed Combat
  1372 | D:2      | Found Rukunwix's Distillery.
  1903 | D:3      | Reached XP level 6. HP: 25/51 MP: 6/9
  2168 | D:4      | Found a staircase to the Ecumenical Temple.
  2256 | D:4      | Learned a level 1 spell: Apportation
  2402 | D:4      | Reached **** piety under Uskayaw
  2719 | D:4      | Reached skill level 7 in Unarmed Combat
  3249 | D:5      | Entered Level 5 of the Dungeon
  3258 | D:5      | Reached XP level 7. HP: 22/58 MP: 10/10
  3261 | D:5      | Slain by an orc priest

Illustrated notes

Levels and vault maps discovered:
D:1:      reono_arrival_mine, layout_loops_ring, minmay_ruptured
D:2:      layout_loops_ring, ebering_ecumenical_altar_hall, serial_shops, shop,
          basic_altar, uniq_natasha, uniq_sigmund
D:3:      layout_rooms
D:4:      layout_gridville, mainiacjoe_overflow_catwalk_spiral,
          minmay_temple_entry_gardened_gates
D:5:      layout_gridville

Skill      XL: |  1  2  3  4  5  6 |
---------------+-------------------+-----
Fighting       | 1 2 3 |  3.7
Unarmed Combat | 4 5 6 7 |  7.4
Dodging        | |  2.1
Spellcasting   | |  2.0
Transmutations | |  2.1

Action                   |  1- 3 |  4- 6 |  7- 9 || total
-------------------------+-------+-------+-------++-------
Melee: Unarmed           |    15 |       |       ||    15
       Whip              |    57 |    93 |       ||   150
       Bite              |     5 |    12 |       ||    17
       Punch             |     1 |     3 |       ||     4
       Demon whip        |       |    63 |     1 ||    64
 Cast: Beastly Appendage |     2 |       |       ||     2
       Wereblood         |       |     1 |       ||     1
Invok: Stomp             |       |     1 |       ||     1
  Use: Potion            |     3 |     6 |       ||     9
 Stab: Sleeping          |     2 |     8 |       ||    10
       Paralysed         |       |     5 |       ||     5
Armor: Robe              |    16 |    14 |       ||    30
       Ring mail         |       |    54 |     1 ||    55
       Skin              |       |     2 |       ||     2
Dodge: Dodged            |    51 |   118 |     1 ||   170

Table legend: (Time is in decaauts)
 A = Elapsed time spent in this place.
 B = Non-inter-level travel time spent in this place.
 C = Inter-level travel time spent in this place.
 D = Time resting spent in this place.
 E = Time spent auto-exploring this place.
 F = Levels seen in this place.
 G = Mean time per level.
                   A        B        C        D        E       F      G
               +--------+--------+--------+--------+--------+-----+--------+
         Total |   3297 |   3184 |    113 |    244 |   2292 |   5 |  659.4 |
       Dungeon |   3297 |   3184 |    113 |    244 |   2292 |   5 |  659.4 |
               +--------+--------+--------+--------+--------+-----+--------+

Top non-repeatable levels by time:
     D:4: 1166 daAuts
     D:1: 792 daAuts
     D:2: 787 daAuts
     D:3: 538 daAuts
     D:5: 12 daAuts
